 Dungeon Crawl Stone Soup version 0.21.0-3-g78d12a8 (webtiles) character file.

16 theswoord the Vexing (level 2, 0/25 HPs)
             Began as a Naga Arcane Marksman on Jan 10, 2018.
             Succumbed to an adder's poison
             ... on level 1 of the Dungeon on Jan 12, 2018.
             The game lasted 00:01:37 (253 turns).

theswoord the Vexing (Naga Arcane Marksman)          Turns: 253, Time: 00:01:38

Health: 0/25       AC:  1    Str: 12    XL:     2   Next: 54%
Magic:  3/3        EV: 10    Int: 13    God:
Gold:   5          SH:  0    Dex: 11    Spells: 2/3 levels left

rFire    . . .     SeeInvis +   a - +0 hand crossbow
rCold    . . .     Gourm    .   (no shield)
rNeg     . . .     Faith    .   e - +0 robe
rPois    +         Spirit   .   (no helmet)
rElec    .         Reflect  .   (no cloak)
rCorr    .         Harm     .   (no gloves)
MR       .....                  (no barding)
Stlth    +.........             (no amulet)
HPRegen  0.08/turn              (no ring)
MPRegen  0.08/turn              (no ring)

@: lethally poisoned (0 -> -10), very slow
A: large, see invisible, deformed body, poison resistance, slowness 2, slow
metabolism 1, spit poison 1, AC +0
a: Spit Poison


You were on level 1 of the Dungeon.
You were not hungry.

You visited 1 branch of the dungeon, and saw 1 of its levels.

You collected 5 gold pieces.

Inventory:

Hand Weapons
 a - a +0 hand crossbow (weapon)
 j - a +0 short sword
Missiles
 d - 7 bolts (quivered)
Armour
 e - a +0 robe (worn)
 i - a +0 helmet
Scrolls
 g - a scroll of enchant armour {unknown}
 h - a scroll of remove curse {unknown}
 k - a scroll of immolation {unknown}
 l - a scroll of identify {unknown}
Books
 c - a book of Debilitation

   Spells                             Type                      Level
   a - Corona                         Hexes                        1
   b - Slow                           Hexes                        2
   c - Inner Flame                    Hexes/Fire                   3
   d - Portal Projectile              Hexes/Translocation          3
   e - Cause Fear                     Hexes                        4
   f - Leda's Liquefaction            Hexes/Earth                  4
Comestibles
 b - a chunk of flesh
 f - a ration


   Skills:
 - Level 1.0 Fighting
 + Level 2.8 Crossbows
 - Level 1.5 Dodging
 - Level 1.0 Spellcasting
 - Level 3.0 Hexes


You had 2 spell levels left.
You knew the following spells:

 Your Spells              Type           Power        Failure   Level  Hunger
a - Corona                Hex            #......      9%          1    ##.....


Dungeon Overview and Level Annotations

Branches:
Dungeon (1/15)

Altars:


Innate Abilities, Weirdness & Mutations

You cannot wear boots.
Your serpentine skin is tough. (AC +0)
You have supernaturally acute eyesight. (SInv)
Armour fits poorly on your strangely shaped body.
Your system is resistant to poisons. (rPois)
You cover ground very slowly.
You have a slow metabolism.
You can spit poison.


Message History

* * * LOW HITPOINT WARNING * * *
Aim: an adder (severely wounded)
You shoot a bolt. The bolt closely misses the adder.
The adder barely misses you.
Aim: an adder (severely wounded)
You shoot a bolt. The bolt closely misses the adder.
The adder bites you.
* * * LOW HITPOINT WARNING * * *
You are lethally poisoned!
The adder poisons you! The adder bites you.
* * * LOW HITPOINT WARNING * * *
You are more poisoned.
The adder poisons you!
Unknown command.
* * * LOW HITPOINT WARNING * * *
You feel sick. The adder barely misses you.
You aren't carrying any potions.
Aim: an adder (severely wounded)
You shoot a bolt. The bolt hits the adder!
You kill the adder!
You die...

#.....####.#......###............
###....# #........#..............
#....# #........#..............
#....# ###...........#........#
#....# #....#.#....#........#
#....# ####.#.#.............#
#....# ###.#####+####.#### ....#.
#..# .... ....#.# #@.# ....
#...(?(..# ..... #(..#.#.##
..##+#### ## #(.#.. #.......# ##
#.# #.......# ..# #.......# ..#
#.......# ### #........
########.#......


There were no monsters in sight!

Vanquished Creatures
  An adder (D:1)
  A leopard gecko (D:1)
  A hobgoblin (D:1)
  2 ball pythons (D:1)
  A bat (D:1)
  A rat (D:1)
7 creatures vanquished.

Notes
Turn   | Place    | Note
-------+----------+-------------------------------------------
     0 | D:1      | theswoord the Naga Arcane Marksman began the quest for the Orb.
     0 | D:1      | Reached XP level 1. HP: 18/18 MP: 2/2
   243 | D:1      | Reached XP level 2. HP: 25/25 MP: 3/3
   252 | D:1      | HP: 1/25 [poisoned by an adder]
   253 | D:1      | Succumbed to an adder's poison

Skill      XL: |  1 |
---------------+----+-----
Crossbows      | 2 |  2.8
Fighting       | |  1.0
Dodging        | |  1.5
Spellcasting   | |  1.0
Hexes          | |  3.0

Action                   || total
-------------------------++-------
 Fire: Hand crossbow     ||    20
Armor: Robe              ||     1
Dodge: Dodged            ||    10

Vault maps used:
D:1:      lightli_arrival_maybe_door_vault, minmay_shallow_snake_nest
